 Dungeon Crawl Stone Soup version 0.29.0-4-gdea44cf6ec (webtiles) character file.

Game seed: 12135680652731467824

53 qw the Chopper (level 3, -4/21 HPs)
             Began as a Tengu Warper on Aug 28, 2022.
             Slain by a gnoll
             ... wielding a +0 halberd
              (5 damage)
             ... on level 2 of the Dungeon.
             The game lasted 00:00:09 (1627 turns).

qw the Chopper (Tengu Warper)                       Turns: 1627, Time: 00:00:09

Health: -4/21      AC:  5    Str: 13    XL:     3   Next: 89%
Magic:  7/7        EV: 11    Int: 13    God:
Gold:   49         SH:  0    Dex: 13    Spells: 6/6 levels left

rFire   . . .      SeeInvis .   Y - +0 hand axe
rCold   . . .      Faith    .   (no shield)
rNeg    . . .      Spirit   .   h - +0 ring mail
rPois   .          Reflect  .   (helmet restricted)
rElec   .          Harm     .   (no cloak)
rCorr   .          Rampage  .   (no gloves)
Will    .....                   (boots unavailable)
Stlth   +.........              (no amulet)
HPRegen 0.07/turn               (no ring)
MPRegen 0.10/turn               (no ring)

@: about to teleport
A: beak, talons 3
a: no special abilities


You were on level 2 of the Dungeon.
You visited 1 branch of the dungeon, and saw 2 of its levels.

You collected 49 gold pieces.


Innate Abilities, Weirdness & Mutations

You have a beak for a mouth.
You have claws for feet.


   Skills:
 - Level 2.0 Fighting
 + Level 4.5 Axes
 - Level 1.0 Throwing
 - Level 1.1 Armour
 - Level 2.1 Dodging
 - Level 2.0 Spellcasting
 - Level 2.4 Translocations


You had 6 spell levels left.
You didn't know any spells.
Your spell library contained the following spells:

 Spells                   Type           Power      Damage    Failure   Level
 Blink                    Tloc           14%        N/A       30%         2
 Gell's Gravitas          Tloc           7%         N/A       52%         3
 Lesser Beckoning         Tloc           7%         N/A       52%         3
 Teleport Other           Tloc           7%         N/A       52%         3
 Manifold Assault         Tloc           7%         N/A       99%         5

Inventory:

Hand Weapons
 g - a +0 whip
 Y - a +0 hand axe (weapon)
Armour
 h - a +0 ring mail (worn)
Potions
 d - a potion of curing

Dungeon Overview and Level Annotations

Branches:
Dungeon (2/15)

Altars:

Annotations:
D:2 Robin


Message History

Robin barely misses you.
You hit the goblin. Your kick misses the goblin. You peck the goblin.
You kill the goblin!
You closely miss the goblin. The goblin barely misses you.
Robin roars a battlecry!
The goblins go into a battle-frenzy!
You hit the goblin.
You kill the goblin!
You hit the goblin.
You kill the goblin!
Robin hits you but does no damage.
You hit the goblin.
You kill the goblin!
Robin hits you from afar with a +0 spear.
Robin hits you with a +0 spear. The goblin hits you with a +0 club.
Items here: %%%%%%% ))))))).
1623 ||| READING 2 scrolls of teleportation.
As you read the scroll of teleportation, it crumbles to dust.
You feel strangely unstable. Robin throws the goblin at you!
The goblin hits you with a +0 club.
You completely miss Robin. You hit the goblin but do no damage.
Robin barely misses you. The goblin closely misses you.
You barely miss Robin. Your kick misses Robin.
You punch Robin, but do no damage. You hit the goblin.
Your surroundings suddenly seem different.
A rat, a quokka and 4 gnolls come into view.
The gnoll shouts!
The gnoll barely misses you.
Enter note:
1626 ||| READING scroll of teleportation.
As you read the scroll of teleportation, it crumbles to dust.
You feel strangely unstable. The gnoll completely misses you.
The gnoll barely misses you.
You barely miss the gnoll. You hit the gnoll.
You hit the gnoll but do no damage. You hit the rat.
You kill the rat!
The gnoll hits you with a +0 whip. The gnoll hits you with a +0 club.
The gnoll hits you from afar with a +0 halberd.
You die...

.# # .# #.
.###
###.####...# .
#..........#..
#.........r...
#......g......
#^....@g..#
#....%g...#
#.......g.#
#.........#
#........##
#######+##


You could see 4 gnolls and a quokka.

Vanquished Creatures
  A dart slug (D:2)
  5 bats
  An endoplasm (D:1)
  2 giant cockroaches (D:1)
  12 goblins
  8 hobgoblins
  4 kobolds (D:1)
  A quokka (D:1)
  4 ball pythons (D:1)
  3 frilled lizards (D:1)
  4 rats
45 creatures vanquished.

Notes
Turn   | Place    | Note
-------+----------+-------------------------------------------
     0 | D:1      | qw the Tengu Warper began the quest for the Orb.
     0 | D:1      | Reached XP level 1. HP: 12/12 MP: 4/4
     0 | D:1      | 0 ||| qw: Version: 0.1-a-89-g26bdef1
     0 | D:1      | 0 ||| qw: Game counter: 3204
     0 | D:1      | 0 ||| qw: Always use a shield: true
     0 | D:1      | 0 ||| qw: God list: Okawaru
     0 | D:1      | 0 ||| qw: Allow faded altars: false
     0 | D:1      | 0 ||| qw: Do Orc after D:15 true
     0 | D:1      | 0 ||| qw: Do second Lair branch before Depths: true
     0 | D:1      | 0 ||| qw: Lair rune preference: random
     0 | D:1      | 0 ||| qw: Plans: Normal
     0 | D:1      | 0 ||| PLANNING D:1-11
    51 | D:1      | Reached XP level 2. HP: 17/17 MP: 6/6
    65 | D:1      | Reached skill level 3 in Axes
   278 | D:1      | 278 ||| Stepping ~*~*~tactically~*~*~ (stealth).
   280 | D:1      | 280 ||| Stepping ~*~*~tactically~*~*~ (stealth).
   580 | D:1      | Reached XP level 3. HP: 8/21 MP: 7/7
   918 | D:1      | Found a faded altar of an unknown god.
   954 | D:1      | HP: 5/21 [poisoned by a kobold]
  1276 | D:1      | Reached skill level 4 in Axes
  1325 | D:1      | 1325 ||| UPGRADING to +0 ring mail.
  1335 | D:1      | 1335 ||| DROPPING +0 leather armour.
  1336 | D:1      | 1336 ||| READING 3 scrolls labelled QANGUUREON.
  1339 | D:1      | 1339 ||| READING scroll labelled SAMO AHAHURAB.
  1340 | D:1      | 1340 ||| READING scroll labelled OVEABL INIR.
  1341 | D:1      | 1341 ||| DRINKING 2 puce potions.
  1342 | D:1      | 1342 ||| DROPPING scroll of blinking.
  1485 | D:2      | 1485 ||| Stepping ~*~*~tactically~*~*~ (stealth).
  1490 | D:2      | 1490 ||| Stepping ~*~*~tactically~*~*~ (stealth).
  1510 | D:2      | 1510 ||| FLEEEEING.
  1516 | D:2      | 1516 ||| STAIRDANCE
  1598 | D:1      | 1598 ||| READING scroll labelled FAEMAO KOEDO.
  1608 | D:2      | 1608 ||| Stepping ~*~*~tactically~*~*~ (stealth).
  1610 | D:2      | 1610 ||| Stepping ~*~*~tactically~*~*~ (stealth).
  1613 | D:2      | Noticed Robin
  1622 | D:2      | HP: 5/21 [goblin/+0 club[Robin] (4)]
  1623 | D:2      | 1623 ||| READING 2 scrolls of teleportation.
  1623 | D:2      | HP: 2/21 [goblin/+0 club[Robin] (3)]
  1626 | D:2      | 1626 ||| READING scroll of teleportation.
  1627 | D:2      | Slain by a gnoll

Levels and vault maps discovered:
D:1:      shiori_arrival_oz, layout_basic, shapermc_ecumenical_altar_acropolis,
          nicolae_figureground_sparkle
D:2:      layout_basic, grunt_decor_one_mirror, nicolae_titane, uniq_robin

Skill      XL: |  1  2  3 |
---------------+----------+-----
Axes           | 3 4 |  4.5
Fighting       | |  2.0
Throwing       | |  1.0
Armour         | |  1.1
Dodging        | |  2.1
Spellcasting   | |  2.0
Translocations | |  2.4

Action                   || total
-------------------------++-------
Melee: Hand axe          ||    82
       Kick              ||    21
       Peck              ||     7
       Punch             ||     1
Throw: Boomerang         ||     7
  Use: Scroll            ||     6
       Potion            ||     1
Armor: Leather armour    ||    14
       Ring mail         ||     9
Dodge: Dodged            ||    44

Table legend:
 A = Non-vault XP
 B = Vault XP
 C = Vault XP percentage of total XP
 D = Non-vault monster count
 E = Vault monster count
 F = Vault count percentage of total count
                 A         B        C        D         E       F
            +---------+---------+-------+---------+---------+-------
      Total |      55 |      23 |  29.5 |      32 |      13 |  28.9
            +---------+---------+-------+---------+---------+-------
        D:1 |      42 |       4 |   8.7 |      26 |       2 |   7.1
        D:2 |      13 |      19 |  59.4 |       6 |      11 |  64.7
            +---------+---------+-------+---------+---------+-------
